Map: Pillars of Gold LE

Players

LiquidClem (Clem) - Winner!

  • Race: Terran Terran
  • League: Grandmaster
  • Spawn Location: 7:00

ShoWTimE

  • Race: Protoss Protoss
  • League: Master
  • Spawn Location: 1:00

Event: DreamHack SC2 Masters 2020 Winter

VOD

Have the link to the VOD?

Description

Time

  • Played on: Oct. 24, 2020, 2:43 p.m.
  • Length: 8:04

All games in this series

Show
View Real Time Build Order
Export as new Build Order

LiquidClem Terran - Winner!

Build Orders: Hellion Opening 

Get SALT Encoding   

  12  0:00  SCV  
  13  0:12  SCV  
  14  0:17  Supply Depot  
  14  0:24  SCV  
  15  0:29  Refinery  
  15  0:39  SCV  
  16  0:46  Barracks  
  16  0:51  SCV  
  17  1:03  SCV  
  18  1:15  SCV  
  18  1:16  Engineering Bay  
  19  1:33  Orbital Command  
  19  1:34  Marine  
  20  1:41  Factory  
  20  1:49  Supply Depot  
  20  1:54  Barracks Reactor  
  20  2:00  SCV  
  21  2:12  SCV  
  22  2:32  Command Center  
  22  2:39  Hellion  
  24  2:45  Starport  
  24  2:46  Hellion  
  24  2:51  SCV, Supply Depot  
  27  3:01  Hellion  
  30  3:10  Barracks Tech Lab, Hellion  
  31  3:13  SCV  
  31  3:15  Refinery  
  32  3:21  Medivac  
  32  3:26  Hellion  
  36  3:31  SCV, Hellion  
  36  3:43  SCV  
  37  3:55  SCV  
  38  4:00  Marine  
  38  4:01  Marine, Cyclone  
  44  4:03  Orbital Command  
  44  4:07  SCV  
  44  4:18  Marine  
  44  4:19  SCV  
  44  4:21  Marine  
  47  4:30  SCV  
  46  4:31  SCV  
  46  4:34  Cyclone  
  46  4:38  Supply Depot  
  48  4:39  Barracks  
  48  4:42  SCV, Barracks  
  48  4:45  Marine x2  
  51  4:46  SCV  
  52  4:52  Engineering Bay  
  52  4:55  SCV  
  52  4:58  SCV  
  50  5:02  Marine  
  50  5:03  Marine  
  51  5:07  SCV  
  51  5:11  SCV  
  51  5:12  Refinery  
  51  5:13  Supply Depot  
  52  5:14  Factory Tech Lab  
  52  5:19  SCV  
  52  5:20  Marine x2  
  55  5:23  SCV  
  55  5:25  Terran Infantry Weapons Level 1  
  56  5:31  SCV  
  56  5:32  Siege Tank, Stimpack  
  56  5:34  Marine  
  61  5:35  Marine  
  61  5:39  SCV  
  61  5:42  Supply Depot  
  63  5:43  SCV  
  63  5:44  Marine x2  
  66  5:50  Supply Depot  
  66  5:51  SCV  
  66  5:54  Marine x2  
  66  5:55  SCV  
  70  6:02  Supply Depot  
  70  6:04  Medivac, SCV  
  73  6:05  Siege Tank  
  73  6:06  Marine  
  73  6:08  Marine  
  78  6:11  SCV  
  78  6:14  Marine, Refinery  
  78  6:15  Marine  
  81  6:24  Marine  
  81  6:25  Supply Depot  
  82  6:27  Marine  
  82  6:31  SCV  
  82  6:33  Barracks Tech Lab  
  82  6:34  Medivac, SCV  
  82  6:35  Marine  
  82  6:37  Siege Tank  
  89  6:47  Command Center  
  89  6:51  Marine x2  
  91  6:54  Marauder  
  91  6:58  Marauder  
  95  7:07  Starport Reactor  
  95  7:11  Marine x2  
  95  7:12  Supply Depot  
  97  7:16  Marauder  
  97  7:21  Marauder  
  100  7:29  Siege Tank  
  101  7:31  Marine x2  
  101  7:37  Marauder  
  101  7:43  Barracks  
  101  7:44  SCV x2, Barracks  
Show
View Real Time Build Order
Export as new Build Order

ShoWTimE Protoss 

Build Orders: 1 Gate Expand, Oracle Opening, Phoenix Opening, Colossus Rush 

Get SALT Encoding   

  12  0:00  Probe  
  13  0:12  Probe  
  14  0:18  Pylon  
  14  0:24  Probe (Chrono Boost)  
  15  0:36  Probe (Chrono Boost)  
  15  0:39  Gateway  
  16  0:45  Probe (Chrono Boost)  
  16  0:49  Assimilator  
  17  0:50  Probe  
  18  1:03  Probe  
  19  1:15  Probe  
  20  1:26  Cybernetics Core  
  20  1:36  Probe  
  21  1:42  Nexus  
  21  1:44  Assimilator  
  21  1:50  Probe  
  22  1:55  Pylon  
  22  2:02  Probe  
  23  2:10  Adept (Chrono Boost)  
  23  2:14  Probe  
  26  2:24  Stargate  
  26  2:26  Probe  
  27  2:30  Adept (Chrono Boost)  
  27  2:35  Warp Gate  
  29  2:38  Probe  
  31  2:54  Adept, Probe (Chrono Boost)  
  31  2:55  Probe (Chrono Boost)  
  34  3:05  Probe (Chrono Boost), Oracle (Chrono Boost)  
  36  3:06  Probe (Chrono Boost)  
  36  3:09  Probe (Chrono Boost)  
  36  3:12  Shield Battery  
  40  3:15  Probe  
  41  3:21  Pylon  
  41  3:24  Adept  
  43  3:28  Probe  
  43  3:29  Probe  
  43  3:37  Phoenix  
  43  3:40  Probe  
  44  3:41  Shield Battery  
  44  3:43  Probe  
  45  3:50  Assimilator  
  45  3:52  Probe  
  45  3:55  Probe  
  47  4:01  Robotics Facility  
  47  4:04  Probe  
  47  4:07  Pylon, Probe  
  48  4:16  Probe  
  49  4:18  Phoenix  
  49  4:19  Probe  
  52  4:28  Probe  
  47  4:31  Probe  
  47  4:36  Robotics Facility  
  48  4:40  Probe  
  48  4:44  Probe  
  50  4:47  Assimilator  
  50  4:51  Robotics Bay  
  50  4:53  Probe  
  50  4:56  Probe  
  51  5:04  Observer (Chrono Boost)  
  51  5:05  Gateway, Probe  
  53  5:08  Probe  
  53  5:09  Phoenix  
  56  5:17  Probe  
  56  5:20  Probe  
  58  5:22  Pylon  
  58  5:23  Observer (Chrono Boost)  
  59  5:29  Nexus, Probe  
  59  5:32  Probe  
  61  5:37  Colossus (Chrono Boost)  
  61  5:41  Probe  
  68  5:44  Pylon, Probe  
  69  5:53  Twilight Council, Probe  
  69  5:56  Forge  
  70  6:02  Probe  
  70  6:04  Zealot, Sentry  
  73  6:05  Probe  
  73  6:10  Extended Thermal Lance  
  76  6:14  Probe  
  76  6:17  Probe  
  76  6:18  Pylon  
  77  6:21  Gateway  
  77  6:23  Gateway  
  77  6:24  Colossus (Chrono Boost)  
  76  6:26  Probe  
  83  6:47  Zealot x2  
  87  6:57  Pylon  
  87  6:59  Shield Battery  
  87  7:00  Phoenix, Pylon  
  89  7:06  Gateway  
  89  7:10  Gateway  
  89  7:13  Shield Battery  
  89  7:14  Disruptor (Chrono Boost)  
  92  7:16  Zealot  
  92  7:23  Zealot x2  
  92  7:26  Pylon  
  82  7:38  Zealot x2  
  84  7:44  Zealot x2  
Tags
 
Add a new tag
Caveats
  • Supply blocks, unpowered buildings, or Contaminate may cause inaccurate times.
  • Supply counts are checked every 10 seconds.